 Dungeon Crawl Stone Soup version 0.30-b1-2-g02819fbbbe (webtiles) character file.

Game seed: 4494242928085682416

29362 Dirian the Severer (level 13, -13/122 HPs)
             Began as a Minotaur Berserker on May 13, 2023.
             Was an Elder of Trog.
             Mangled by a flayed ghost (17 damage)
             ... on level 14 of the Dungeon.
             The game lasted 00:28:39 (14788 turns).

Dirian the Severer (Minotaur Berserker)            Turns: 14788, Time: 00:28:40

Health: -13/122    AC: 19    Str: 27    XL:     13   Next: 14%
Magic:  12/12      EV: 15    Int:  4    God:    Trog [****..]
Gold:   782        SH:  0    Dex: 10    Spells: 12/12 levels left

rFire   . . .        b - +1 scimitar (flame)
rCold   . . .        (no shield)
rNeg    . . .        N - +3 chain mail
rPois   .            (helmet restricted)
rElec   .            e - +0 cloak
rCorr   .            B - +0 pair of gloves
SInv    +            m - +0 pair of boots
Will    .....        (no amulet) Stlth
                     u - ring of see invisible
HPRegen 0.40/turn    A - +5 ring of evasion
MPRegen 0.13/turn

%: no passive effects
@: flayed, on berserk cooldown, slowed, very slow
A: horns 2, retaliatory headbutt
a: Renounce Religion, Berserk, Trog's Hand, Brothers in Arms


You were on level 14 of the Dungeon.
You worshipped Trog.
Trog was greatly pleased with you.
You visited 1 branch of the dungeon, and saw 14 of its levels.
You also visited: Sewer and Ossuary.

You collected 782 gold pieces.

Inventory:

Hand Weapons
 a - a +1 heavy executioner's axe
 b - a +1 scimitar of flaming (weapon)
 F - a +2 antimagic broad axe
Missiles
 D - 2 throwing nets (quivered)
Armour
 e - a +0 cloak (worn)
 h - a +1 buckler
 m - a +0 pair of boots (worn)
 y - +0 acid dragon scales
 B - a +0 pair of gloves (worn)
 N - a +3 chain mail (worn)
Jewellery
 u - a ring of see invisible (left hand)
 A - a +5 ring of evasion (right hand)
 L - an amulet of faith
 M - a ring of resist corrosion
Wands
 p - a wand of mindburst (53)
 E - a wand of light (3)
Scrolls
 g - a scroll of noise {unknown}
 i - 4 scrolls of fog
 k - 5 scrolls of enchant weapon
 r - 13 scrolls of identify
 t - 7 scrolls of teleportation
 v - a scroll of enchant armour
 x - 4 scrolls of butterflies
 z - 3 scrolls of blinking
 C - a scroll of magic mapping
 J - 3 scrolls of immolation
 K - 2 scrolls of poison
Potions
 c - 3 potions of cancellation
 d - 5 potions of might
 f - 4 potions of brilliance
 j - 2 potions of attraction
 l - 2 potions of mutation
 n - a potion of resistance
 o - 2 potions of flight
 q - 6 potions of curing
 s - 4 potions of invisibility
 w - 8 potions of heal wounds
 G - a potion of ambrosia
 H - 2 potions of lignification
 I - a potion of berserk rage


   Skills:
 + Level 13.2 Fighting
 + Level 0.9 Long Blades
 * Level 19.7 Axes
 * Level 12.0 Armour
 + Level 2.3 Dodging
 - Level 5.0 Shields


You had 12 spell levels left.
You didn't know any spells.
Your spell library was empty.

Dungeon Overview and Level Annotations

Branches:
Dungeon (14/15) Zot: 26340  Temple (0/1) D:6            Lair (0/5) D:10
    Orc (0/2) D:9          Vaults (0/5) D:13          Sewer (visited)
Ossuary (visited)

Altars:
Dithmenos
Elyvilon
Fedhas
Gozag
Hepliaklqana
Kikubaaqudgha
Qazlal
Ru
Sif Muna
Trog
Vehumet
Yredelemnul
The Shining One

Shops:
D:2 (   D:6 !   D:10 [

Portals:
Trove: D:11 (give 11 potions of heal wounds)

Annotations:
D:13 2 transporters


Innate Abilities, Weirdness & Mutations

You have a pair of horns on your head.
You reflexively headbutt those who attack you in melee.


Message History

You kill the tengu warrior!
Trog accepts your kill.
You are no longer berserk.
You are exhausted.
You feel yourself slow down.
Your Armour skill increases to level 12!
You barely miss the flayed ghost. You headbutt the flayed ghost.
The flayed ghost is lightly damaged.
The flayed ghost cries, "Suffer as I suffered!"
The flayed ghost cries, "Feel what I felt!"
You slash the flayed ghost! You burn the flayed ghost.
The flayed ghost is lightly damaged.
The flayed ghost closely misses you. x2; You furiously retaliate!
You headbutt the flayed ghost. You closely miss the flayed ghost.
Your punch misses the flayed ghost.
The flayed ghost is moderately damaged.
The flayed ghost stares at you with tortured malice.
Terrible wounds spread across more of your body!
* * * LOW HITPOINT WARNING * * *
The flayed ghost hits you but does no damage.
You closely miss the flayed ghost. Your headbutt misses the flayed ghost.
The flayed ghost is lightly damaged.
The flayed ghost hits you but does no damage.
The flayed ghost closely misses you.
You hit the flayed ghost. You burn the flayed ghost.
You headbutt the flayed ghost.
The flayed ghost is moderately damaged.
The flayed ghost closely misses you. The flayed ghost hits you!
* * * LOW HITPOINT WARNING * * *
You barely miss the flayed ghost. You headbutt the flayed ghost.
The flayed ghost is moderately damaged.
The flayed ghost closely misses you. You furiously retaliate!
You headbutt the flayed ghost. The flayed ghost barely misses you.
You furiously retaliate!
You headbutt the flayed ghost. You slash the flayed ghost!
You burn the flayed ghost.
The flayed ghost is severely damaged.
The flayed ghost barely misses you. You furiously retaliate!
You headbutt the flayed ghost, but do no damage.
The flayed ghost hits you!
You die...

.........# #..
.........# . ...
.........############ .#
## ##...................
..# ......##..#.....##
...#
...........#..#...##..#
#...?.....#..........#.#
#.###.........##.......#
.. ####...####@#..#...#
## #####TDW##..# .<# ..
.....C9 .## # .[ ....#9c
.# .. ### ..# .# + #..
.. #.. ## #.. ..# #####
#..##...#


You could see a fire dragon, a flayed ghost, a centaur warrior, a cyclops, a
troll and 2 gargoyles.

Vanquished Creatures
  4 hydras
  2 dancing weapons (D:13)
  7 two-headed ogres
  A tengu warrior (D:14)
  2 boulder beetles
  A sixfirhy (D:8)
  Pikel (D:6)
  The ghost of diceflayer the Shooter, a novice DsHu (D:6)
  The ghost of Nattefrost the Ducker, a novice MfHu of Okawaru (D:6)
  The ghost of Anothat the Covert, a novice GnWn of Ashenzari (D:6)
  The ghost of t4s4d4r the Carver, a novice DgGl (D:6)
  A manticore (D:13)
  An oklob plant (D:10)
  2 cyclopes (D:11)
  3 gargoyles
  A kobold demonologist (D:12)
  An unseen horror (D:10)
  A komodo dragon (D:11)
  2 efreet (D:14)
  4 trolls
  A meliai (D:14)
  3 hornets
  6 slime creatures
  4 shadows
  10 yaks
  2 wraiths (D:10)
  A wyvern (D:8)
  2 steam dragons
  3 acid dragons
  4 water moccasins
  5 orc warriors
  2 black bears
  A sky beast (D:7)
  An ogre (D:5)
  3 centaurs
  A phantom (D:9)
  A lemure (D:6)
  4 bullfrogs
  A kobold brigand (D:10)
  A gnoll sergeant (D:8)
  3 wyvern zombies (Ossuary)
  7 scorpions
  3 water moccasin zombies
  12 wights
  5 troll zombies (D:9)
  42 killer bees
  7 howler monkeys
  An electric eel (D:10)
  4 bullfrog zombies (Ossuary)
  5 centaur zombies (Ossuary)
  2 orc priests
  5 hounds
  A gnoll bouda (D:5)
  9 jellies
  An iguana (D:6)
  A scorpion zombie (D:4)
  2 sleepcaps (D:7)
  12 orc wizards
  4 killer bee zombies (Ossuary)
  3 ogre zombies (D:9)
  A hound zombie (D:4)
  12 mummies (Ossuary)
  Robin (D:2)
  5 howler monkey zombies (Ossuary)
  11 adders
  9 gnolls
  2 river rats (Sewer)
  3 white imps
  2 adder zombies (D:4)
  A worm (D:2)
  3 dart slugs (D:1)
  26 orcs
  5 ball pythons
  A bat (D:2)
  31 endoplasms
  9 giant cockroaches
  14 goblins
  4 hobgoblins
  20 jackals
  8 quokkas
  7 frilled lizards
  A goblin skeleton (D:9)
  3 goblin zombies (D:9)
  3 hobgoblin zombies (D:9)
  14 kobolds
  4 orc skeletons (D:9)
  14 orc zombies (D:9)
  9 rats
  A spectral orc (D:5)
447 creatures vanquished.

Vanquished Creatures (others)
  5 fungi (D:10)
  8 withered plants
13 creatures vanquished.

Grand Total: 460 creatures vanquished

Notes
Turn   | Place    | Note
-------+----------+-------------------------------------------
     0 | D:1      | Dirian the Minotaur Berserker began the quest for the Orb.
     0 | D:1      | Reached XP level 1. HP: 19/19 MP: 0/0
    43 | D:1      | Reached skill level 4 in Axes
    49 | D:1      | Reached XP level 2. HP: 22/27 MP: 1/1
   579 | D:1      | Reached XP level 3. HP: 31/34 MP: 2/2
   608 | D:1      | Found a faded altar of an unknown god.
  1071 | D:2      | Reached ** piety under Trog
  1152 | D:2      | Noticed Robin
  1177 | D:2      | Killed Robin
  1322 | D:2      | Found Cieryro's Weapon Shoppe.
  1328 | D:2      | Reached XP level 4. HP: 41/41 MP: 3/3
  1335 | D:2      | Identified the +1 robe of Gluttony {rElec rC+ Str+2}
  1382 | D:2      | Reached skill level 5 in Axes
  2058 | D:3      | Reached skill level 5 in Fighting
  2129 | D:3      | Reached XP level 5. HP: 36/48 MP: 4/4
  2319 | D:3      | Reached *** piety under Trog
  2447 | D:3      | Found a glowing golden altar of the Shining One.
  2916 | D:4      | Reached skill level 6 in Axes
  2924 | D:4      | Found a basalt altar of Yredelemnul.
  2937 | D:4      | Reached XP level 6. HP: 56/56 MP: 5/5
  3003 | D:4      | Found a shadowy altar of Dithmenos.
  3159 | D:4      | Reached skill level 7 in Axes
  3173 | D:4      | Found a glowing drain.
  3193 | Sewer    | Entered a sewer
  3466 | Sewer    | Reached XP level 7. HP: 59/63 MP: 6/6
  3493 | Sewer    | Found a viscous altar of Jiyva.
  3989 | D:4      | Found a blossoming altar of Fedhas.
  4352 | D:5      | Entered Level 5 of the Dungeon
  4404 | D:5      | Reached skill level 8 in Axes
  4431 | D:5      | Reached **** piety under Trog
  4555 | D:5      | Found a hazy altar of Hepliaklqana.
  4964 | D:6      | Found a stormy altar of Qazlal.
  4997 | D:6      | Found a staircase to the Ecumenical Temple.
  5034 | D:6      | Found Tuugoroa's Distillery.
  5074 | D:6      | Noticed Pikel
  5088 | D:6      | Killed Pikel
  5089 | D:6      | Reached skill level 10 in Axes
  5089 | D:6      | Reached skill level 1 in Shields
  5089 | D:6      | Reached XP level 8. HP: 73/74 MP: 7/7
  5089 | D:6      | Found a runed translucent gate.
  5089 | D:6      | Found a runed translucent gate.
  5089 | D:6      | Found a runed translucent gate.
  5090 | D:6      | Noticed Nattefrost's ghost (novice MfHu)
  5091 | D:6      | Noticed t4s4d4r's ghost (novice DgGl)
  5091 | D:6      | Noticed diceflayer's ghost (novice DsHu)
  5094 | D:6      | Noticed Anothat's ghost (novice GnWn)
  5134 | D:6      | Found a sand-covered staircase.
  5141 | Ossuary  | Entered an ossuary
  5177 | Ossuary  | Reached skill level 5 in Armour
  5200 | Ossuary  | Reached skill level 11 in Axes
  5221 | Ossuary  | Reached XP level 9. HP: 34/82 MP: 8/8
  5890 | D:6      | Found a white marble altar of Elyvilon.
  5944 | D:6      | Reached skill level 12 in Axes
  6082 | D:6      | Noticed a two-headed ogre
  6092 | D:6      | Killed a two-headed ogre
  6481 | D:7      | Reached skill level 10 in Fighting
  6789 | D:7      | Reached XP level 10. HP: 93/93 MP: 9/9
  6883 | D:7      | Reached skill level 13 in Axes
  6967 | D:7      | Found a bloodstained altar of Trog.
  6979 | D:7      | Reached ***** piety under Trog
  7205 | D:8      | Reached skill level 5 in Shields
  7560 | D:8      | Found an opulent altar of Gozag.
  7687 | D:8      | Found a runed translucent door.
  7687 | D:8      | Noticed a sixfirhy
  7765 | D:8      | Reached skill level 14 in Axes
  7950 | D:8      | Found a sacrificial altar of Ru.
  8233 | D:9      | Noticed a two-headed ogre
  8240 | D:9      | Killed a two-headed ogre
  8323 | D:9      | Received a gift from Trog
  8372 | D:9      | Paralysed by a hornet for 1 turns
  8376 | D:9      | Reached skill level 15 in Axes
  8643 | D:9      | Found a staircase to the Orcish Mines.
  8650 | D:9      | Reached XP level 11. HP: 101/102 MP: 10/10
  8703 | D:9      | Identified the +8 trident of Tecs {heavy, rN++}
  8765 | D:9      | Noticed a two-headed ogre
  8769 | D:9      | Killed a two-headed ogre
  9108 | D:9      | Found a shimmering blue altar of Sif Muna.
  9192 | D:9      | Found an ancient bone altar of Kikubaaqudgha.
  9199 | D:9      | Found a radiant altar of Vehumet.
  9372 | D:10     | Entered Level 10 of the Dungeon
  9422 | D:10     | Noticed an oklob plant
  9434 | D:10     | Received a gift from Trog
  9494 | D:10     | Killed an oklob plant
  9559 | D:10     | Noticed a two-headed ogre
  9565 | D:10     | Killed a two-headed ogre
  9566 | D:10     | Reached skill level 16 in Axes
  9914 | D:10     | Found a staircase to the Lair.
 10205 | D:10     | Found Kiyrph's Superior Scales.
 10733 | D:11     | Reached skill level 17 in Axes
 11000 | D:11     | Noticed a two-headed ogre
 11007 | D:11     | Killed a two-headed ogre
 11498 | D:11     | Reached XP level 12. HP: 97/113 MP: 11/11
 11675 | D:11     | Found a portal to a secret trove of treasure.
 11892 | D:12     | Noticed a centaur warrior
 11892 | D:12     | Noticed a two-headed ogre
 11892 | D:12     | Noticed a centaur warrior
 11898 | D:12     | Noticed a centaur warrior
 11900 | D:12     | Noticed a two-headed ogre
 11968 | D:12     | Received a gift from Trog
 12218 | D:12     | Noticed a two-headed ogre
 12224 | D:12     | Killed a two-headed ogre
 12225 | D:12     | Reached skill level 18 in Axes
 13134 | D:6      | Killed Anothat's ghost
 13134 | D:6      | Killed Nattefrost's ghost
 13135 | D:6      | Killed diceflayer's ghost
 13140 | D:6      | Killed t4s4d4r's ghost
 13141 | D:6      | Reached skill level 10 in Armour
 13533 | D:13     | Noticed an ogre mage
 13534 | D:13     | Noticed a boulder beetle
 13538 | D:13     | Noticed a boulder beetle
 13541 | D:13     | Killed a boulder beetle
 13542 | D:13     | Reached skill level 19 in Axes
 13562 | D:13     | Found a transporter.
 13562 | D:13     | Noticed a two-headed ogre
 13597 | D:13     | Noticed a centaur warrior
 13598 | D:13     | Found a transporter.
 13684 | D:13     | Noticed a five-headed hydra
 13693 | D:13     | Killed a five-headed hydra
 13727 | D:13     | Found a gate to the Vaults.
 14191 | D:14     | Noticed a boulder beetle
 14197 | D:14     | Killed a boulder beetle
 14343 | D:14     | Noticed a two-headed ogre
 14347 | D:14     | Killed a two-headed ogre
 14427 | D:14     | Noticed a seven-headed hydra
 14433 | D:14     | Killed a ten-headed hydra
 14697 | D:14     | Reached XP level 13. HP: 122/122 MP: 12/12
 14755 | D:14     | Noticed a fire dragon
 14786 | D:14     | HP: 3/122 [flayed ghost (7)]
 14788 | D:14     | Mangled by a flayed ghost

Illustrated notes

Levels and vault maps discovered:
D:1:      lightli_arrival_quake, layout_loops_ring,
          shapermc_ecumenical_altar_mp_highgroup, kennysheep_nondescript,
          chequers_serial_rivers_micro_d, hangedman_decor_growths,
          minmay_tetromino_o4
D:2:      layout_loops_ring, serial_shops, nicolae_shop_bloodbath_and_beyond,
          uniq_robin
D:3:      layout_basic, nicolae_overflow_hidden_temple, serial_curves,
          eino_curves_03, eino_curves_03
D:4:      kennysheep_six_static_rooms, layout_rooms, lemuel_tele_altar,
          nicolae_yredelemnul_corpse_copse, mainiacjoe_overflow_small_starburst,
          gup_sewer_entry_glass, kennysheep_dice
D:5:      layout_cave_pools, nicolae_hepliaklqana_monster_ancestors,
          kennysheep_cross_room, nrook_campfire
D:6:      layout_rooms, elyvilon_altar_1, lemuel_round_altar,
          minmay_temple_entry_poolview, lightli_ossuary_entry_decrepit_ruins,
          serial_shops, shop, gammafunk_ghost_cemetery, uniq_pikel
D:7:      layout_cave_pools, trog_butcher_becter
D:8:      cheibrodos_shockbox, layout_gridville, nicolae_ru_path_of_blood,
          grunt_gozag_breadcrumbs
D:9:      layout_loops_ring, palyth_temple_overflow_mages, zombieorc2_lemuel,
          wad_floor_pattern_untrapped, kennysheep_generic_room_5
D:10:     lemuel_slime, layout_basic, erik_lair_island, hellmonk_scale_shop
D:11:     layout_layer_cave, nicolae_trove_entry_crystal,
          amcnicky_mini_corridor_feature
D:12:     wad_woods_minihive, layout_small_grid
D:13:     gammafunk_the_bubble [the_bubble_gammafunk_split], layout_cave_pools,
          erik_vaults_1, serial_glass, glass_columns_b, glass_columns_a
D:14:     layout_stronghold, kennysheep_donut, corexii_checkpoint_a,
          minmay_pinched_square, uniq_lodul

Skill      XL: |  1  2  3  4  5  6  7  8  9 10 11 12 13 |
---------------+----------------------------------------+-----
Axes           | 4 5 6 7 10 11 12 15 17 19 | 19.7
Fighting       | 4 5 6 7 8 10 11 12 13 | 13.2
Armour         | 3 4 5 7 8 11 12 | 12.0
Shields        | 1 4 5 |  5.0
Long Blades    | |  0.9
Dodging        | |  2.3

Action                     |  1- 3 |  4- 6 |  7- 9 | 10-12 | 13-15 || total
---------------------------+-------+-------+-------+-------+-------++-------
  Melee: Hand axe          |    75 |   192 |   321 |    40 |       ||   628
         Headbutt          |    10 |    32 |    70 |    89 |    10 ||   211
         War axe           |       |       |       |   154 |       ||   154
         Executioner's axe |       |       |       |   250 |     1 ||   251
         Morningstar       |       |       |       |     4 |       ||     4
         Scimitar          |       |       |       |       |    33 ||    33
 Invoke: Berserk           |     2 |     2 |     5 |     7 |     1 ||    17
         Trog's Hand       |       |       |     1 |     9 |       ||    10
    Use: Scroll            |       |    10 |    11 |     4 |       ||    25
   Stab: Distracted        |       |       |     1 |       |       ||     1
 Armour: Animal skin       |     5 |       |       |       |       ||     5
         Leather armour    |    14 |    46 |    65 |     7 |       ||   132
         Acid dragon scale |       |       |       |    31 |       ||    31
         Ring mail         |       |       |       |    13 |       ||    13
         Plate armour      |       |       |       |   144 |       ||   144
         Chain mail        |       |       |       |     3 |    35 ||    38
  Dodge: Dodged            |    49 |   110 |   133 |   400 |    58 ||   750
  Block: Buckler           |       |       |    48 |    40 |       ||    88
